 Dungeon Crawl Stone Soup version 0.29.1-2-gbd0b4ee654 (webtiles) character file.

Game seed: 16304033124397607406

12635 DemonSlayer the Thaumaturge (level 11, -1/73 HPs)
             Began as a Demonspawn Fire Elementalist on Nov 7, 2022.
             Was the Champion of Cheibriados.
             Slain by a death yak (20 damage)
             ... on level 9 of the Dungeon on Nov 8, 2022.
             The game lasted 00:43:50 (14377 turns).

DemonSlayer the Thaumaturge (DsFE)                 Turns: 14377, Time: 00:43:51

Health: -1/73      AC: 13    Str: 25    XL:     11   Next: 65%
Magic:  25/25      EV: 17    Int: 35    God:    Cheibriados [******]
Gold:   574        SH: 14    Dex: 45    Spells: 2/30 levels left

rFire   . . .      SeeInvis +   f - +4 trident (spect)
rCold   . . .      Faith    .   e - +0 buckler
rNeg    . . .      Spirit   .   r - +3 leather armour of the Trilobite {Dex+5 SInv}
rPois   .          Reflect  +   D - +2 hat
rElec   .          Harm     .   (no cloak)
rCorr   .          Rampage  .   C - +2 pair of gloves
Will    .....                   (no boots)
Stlth   +++++.....              I - amulet of reflection
HPRegen 0.22/turn               q - +6 ring of dexterity
MPRegen 0.38/turn               n - +6 ring of dexterity

@: about to teleport, very slow
A: thin metallic scales 1, foul stench 3, magic regeneration, demonic touch 1
a: Renounce Religion, Bend Time, Temporal Distortion, Slouch, Step From Time


You were on level 9 of the Dungeon.
You worshipped Cheibriados.
Cheibriados was exalted by your worship.
You visited 2 branches of the dungeon, and saw 12 of its levels.
You also visited: Sewer and Bailey.

You collected 574 gold pieces.

Inventory:

Hand Weapons
 f - a +4 spectral trident (weapon)
Missiles
 v - 8 javelins
 w - 11 boomerangs
 E - 4 silver javelins
Armour
 d - a +0 kite shield
 e - a +0 buckler (worn)
 j - a +3 plate armour of poison resistance
 r - the +3 leather armour of the Trilobite (worn) {Dex+5 SInv}
   (You found it on level 9 of the Dungeon)

   Dex:       It affects your dexterity (+5).
   SInv:      It lets you see invisible.
 u - a +0 ring mail of fire resistance
 y - a +3 leather armour of poison resistance
 C - a +2 pair of gloves (worn)
 D - a +2 hat (worn)
Magical Staves
 z - a staff of fire
Jewellery
 n - a +6 ring of dexterity (right hand)
 q - a +6 ring of dexterity (left hand)
 I - an amulet of reflection (around neck)
 M - a ring of wizardry
 O - an amulet of the acrobat
Wands
 o - a wand of flame (43)
 J - a wand of digging (3)
 N - a wand of mindburst (12)
Scrolls
 s - 2 scrolls of fear
 x - 5 scrolls of vulnerability
 A - a scroll of enchant armour
 B - 4 scrolls of immolation {unknown}
 F - a scroll of summoning {unknown}
 G - a scroll of teleportation
 H - a scroll of amnesia {unknown}
 K - a scroll of poison {unknown}
 L - a scroll of fog
 P - a scroll of identify
Potions
 a - a potion of resistance
 b - 4 potions of brilliance
 c - 4 potions of curing
 g - 2 potions of flight
 h - a potion of experience {unknown}
 i - 2 potions of heal wounds {unknown}
 k - 3 potions of cancellation
 l - a potion of attraction {unknown}
 m - a potion of mutation {unknown}
 p - 2 potions of lignification {unknown}
 t - 3 potions of magic


   Skills:
 + Level 2.3 Fighting
 + Level 5.3 Polearms
 + Level 3.8 Armour
 + Level 4.0 Dodging
 + Level 5.6 Stealth
 + Level 3.0 Shields
 + Level 10.2 Spellcasting
 + Level 1.8 Conjurations
 + Level 1.1 Hexes
 + Level 10.1 Fire Magic
 + Level 0.2 Air Magic
 + Level 0.2 Poison Magic
 + Level 0.2 Evocations


You had 2 spell levels left.
You knew the following spells:

 Your Spells              Type           Power      Damage    Failure   Level
a - Foxfire               Conj/Fire      100%       2x1d9     1%          1
b - Scorch                Fire           100%       2d10      1%          2
c - Mephitic Cloud        Conj/Pois/Air  23%        N/A       9%          3
d - Conjure Flame         Conj/Fire      56%        6-21      1%          3
e - Flame Wave            Conj/Fire      56%        2d13      3%          4
f - Tukima's Dance        Hex            25%        N/A       7%          3
g - Conjure Ball Lightni  Conj/Air       12%        3x3d6     98%         6
h - Ozocubu's Armour      Ice            18%        N/A       11%         3
i - Confusing Touch       Hex            25%        N/A       7%          3

Your spell library contained the following spells:

 Spells                   Type           Power      Damage    Failure   Level
 Magic Dart               Conj           100%       1d8       1%          1
 Necrotise                Necr           68%        1d7       3%          1
 Call Imp                 Summ           17%        N/A       5%          2
 Inner Flame              Hex/Fire       55%        N/A       1%          3
 Dazzling Flash           Conj/Hex       56%        N/A       6%          3
 Vampiric Draining        Necr           17%        2d7       11%         3
 Passage of Golubria      Tloc           17%        N/A       36%         4
 Silence                  Hex/Air        11%        N/A       61%         5
 Yara's Violent Unravell  Hex/Tmut       10%        3d6       63%         5
 Agony                    Necr           17%        N/A       71%         5
 Enfeeble                 Hex            12%        N/A       100%        7
 Ozocubu's Refrigeration  Ice            9%         4d9       100%        7
 Discord                  Hex            12%        N/A       100%        8
 Disjunction              Tloc           8%         N/A       100%        8


Dungeon Overview and Level Annotations

Branches:
Dungeon (11/15)            Temple (1/1) D:6            Lair (0/5) D:9
  Sewer (visited)          Bailey (visited)
    Orc: D:9-12

Altars:
Ashenzari
Cheibriados
Dithmenos
Fedhas
Gozag
Hepliaklqana
Kikubaaqudgha
Makhleb
Nemelex Xobeh
Qazlal
Sif Muna
Trog
Uskayaw
Vehumet
Wu Jian
Xom
Yredelemnul

Shops:
D:4 *


Innate Abilities, Weirdness & Mutations

You are partially covered in thin metallic scales. (AC +2)
You frequently emit foul miasma when damaged in melee.
You regenerate magic rapidly.
Your touch may inflict minor irresistible damage on your foes.


Message History

You reach to attack!
You puncture the hell rat!
The hell rat is severely wounded.
Your +4 spectral trident hits the hell rat from afar!
You kill the hell rat!
Cheibriados thoroughly appreciates the change of pace.
No target in view!
No target in view!
No target in view!
No target in view!
No target in view!
No target in view!
Found a staircase to the Lair.
A death yak comes into view.
The death yak moves out of view.
A death yak is nearby!
A death yak is nearby!
A death yak comes into view.
The death yak bellows! x2
A death yak comes into view.
A river rat comes into view.
You hit the death yak but do no damage.
Your +4 spectral trident hits the death yak from afar.
The death yak gores you but does no damage.
The death yak snorts and paws the ground.
The death yak gores you!! The death yak completely misses you.
Unknown command.
As you read the scroll of teleportation, it crumbles to dust.
You feel strangely unstable. The death yak gores you!
You emit a cloud of foul miasma!
The death yak gores you!
Okay, then.
As you read the scroll of fear, it crumbles to dust.
You assume a fearsome visage.
The death yak looks frightened!
The river rat looks frightened!
The death yak resists with some effort.
The death yak resists with almost no effort.
The death yak is engulfed in dark miasma.
The death yak is poisoned.
The death yak seems to slow down.
The death yak gores you.
* * * LOW HITPOINT WARNING * * *
Unknown command.
The death yak attacks as you move away! The death yak gores you!!
You die...

#.....................#####
#......<..#.#.........'...#
......†>..#...........###..
#...........#.....)...# ###
#.........#.+.........# #
#.........###.........# #
####.#....########'####
#..........# #..#
#..#.....@Y.# ##.#
..##......Y.# #.##
#......Y..# #..#
#.......r#..######'###
....$...>.............#
......#...............####
......###............'...
..... ............####
..........#


You could see 3 death yaks and a river rat (fleeing).

Vanquished Creatures
  A two-headed ogre (D:11)
  Pikel (D:7)
  A cyclops (D:11)
  An ugly thing (D:9)
  A gargoyle (Bailey)
  3 trolls (D:11)
  A hornet (D:11)
  Sigmund (D:2)
  A vampire (Bailey)
  A shadow (D:10)
  2 wraiths
  4 wyverns
  19 yaks
  4 vampire mosquitoes (D:10)
  A steam dragon (D:7)
  2 water moccasins
  An acid dragon (D:7)
  Duvessa (D:6)
  3 orc warriors
  2 black bears
  An ice beast (D:5)
  3 sky beasts (D:8)
  3 ogres
  A centaur (D:10)
  3 phantoms
  A kobold brigand (D:8)
  3 bullfrogs
  2 gnoll sergeants
  9 wights
  Dowan (D:6)
  10 killer bees
  3 howler monkeys (D:11)
  7 vampire bats (Bailey)
  7 wolf zombies (Bailey)
  2 hounds
  8 orc priests
  Jessica (D:2)
  A gnoll bouda (D:10)
  Natasha (thrice) (D:2)
  6 iguanas
  2 hell rats (D:9)
  3 orc wizards
  14 adders
  A river rat (D:5)
  19 gnolls
  2 white imps
  An ufetubus (D:6)
  5 worms
  3 dart slugs
  25 orcs
  6 bats
  9 endoplasms
  4 giant cockroaches
  7 goblins
  3 hobgoblins
  4 jackals (D:1)
  14 kobolds
  A quokka (D:2)
  11 ball pythons
  5 frilled lizards
  17 orc zombies (Bailey)
  11 rats
293 creatures vanquished.

Vanquished Creatures (others)
  A dancing weapon (Bailey)
  A rat (D:9)
  68 foxfires
  5 fungi (D:2)
  6 plants (D:2)
81 creatures vanquished.

Grand Total: 374 creatures vanquished

Notes
Turn   | Place    | Note
-------+----------+-------------------------------------------
     0 | D:1      | DemonSlayer the Demonspawn Fire Elementalist began the
                  | quest for the Orb.
     0 | D:1      | Reached XP level 1. HP: 13/13 MP: 3/3
   552 | D:1      | Gained mutation: You are partially covered in thin metallic
                  | scales. (AC +2) [demonic ancestry]
   552 | D:1      | Reached XP level 2. HP: 19/19 MP: 0/5
   555 | D:1      | Learned a level 2 spell: Scorch
  1133 | D:2      | Found a hide-covered altar of Uskayaw.
  1257 | D:2      | Noticed Natasha
  1260 | D:2      | Gained mutation: You may rarely emit foul miasma when
                  | damaged in melee. [demonic ancestry]
  1260 | D:2      | Reached XP level 3. HP: 24/24 MP: 1/6
  1264 | D:2      | You fall into a shaft and drop 1 floor!
  1673 | D:3      | Found a snail-covered altar of Cheibriados.
  1684 | D:3      | Became a worshipper of Cheibriados the Contemplative
  1702 | D:2      | Reached skill level 1 in Fighting
  1889 | D:2      | Killed Natasha
  1890 | D:2      | Reached skill level 1 in Polearms
  1890 | D:2      | Gained mutation: You regenerate magic rapidly. [demonic
                  | ancestry]
  1890 | D:2      | Reached XP level 4. HP: 22/32 MP: 2/7
  2273 | D:2      | Noticed Jessica
  2277 | D:2      | Killed Jessica
  2281 | D:2      | Reached * piety under Cheibriados
  2373 | D:2      | Noticed Sigmund
  2378 | D:2      | Killed Sigmund
  2379 | D:2      | Gained mutation: You sometimes emit foul miasma when
                  | damaged in melee. [demonic ancestry]
  2379 | D:2      | Reached XP level 5. HP: 21/37 MP: 1/10
  2379 | D:2      | Reached XP level 6. HP: 25/43 MP: 1/11
  2581 | D:2      | Noticed Natasha
  2592 | D:2      | Found a faded altar of an unknown god.
  2598 | D:2      | Killed Natasha
  2684 | D:2      | Noticed Natasha
  2687 | D:2      | Killed Natasha
  2943 | D:2      | Learned a level 3 spell: Mephitic Cloud
  2947 | D:2      | Learned a level 3 spell: Conjure Flame
  3464 | D:3      | Learned a level 4 spell: Flame Wave
  3480 | D:4      | Reached skill level 1 in Armour
  4098 | D:4      | Found an opulent altar of Gozag.
  4105 | D:4      | Found Gozag's Platinum Reserve.
  4256 | D:4      | Reached ** piety under Cheibriados
  4257 | D:4      | Gained mutation: You frequently emit foul miasma when
                  | damaged in melee. [demonic ancestry]
  4257 | D:4      | Reached XP level 7. HP: 48/48 MP: 8/13
  4849 | D:4      | Reached skill level 5 in Fire Magic
  5981 | D:5      | Entered Level 5 of the Dungeon
  6414 | D:5      | Reached skill level 5 in Spellcasting
  6448 | D:5      | Found a glowing drain.
  6459 | Sewer    | Entered a sewer
  6829 | Sewer    | Reached XP level 8. HP: 46/54 MP: 12/15
  7420 | D:5      | Reached *** piety under Cheibriados
  7942 | D:5      | Identified the ring of Gadowem {rF+ rN+ SInv Stlth-}
  8118 | D:5      | Found a sparkling altar of Nemelex Xobeh.
  8162 | D:5      | Learned a level 3 spell: Tukima's Dance
  8285 | D:6      | Found an ornate altar of the Wu Jian Council.
  8507 | D:6      | Identified the +6 falchion of Mourning {flame, rC+ rN++}
  8522 | D:6      | Noticed Duvessa
  8528 | D:6      | Noticed Dowan
  8530 | D:6      | Killed Duvessa
  8537 | D:6      | Killed Dowan
  8538 | D:6      | Reached XP level 9. HP: 40/59 MP: 3/19
  8924 | D:6      | Found a staircase to the Ecumenical Temple.
  8929 | Temple   | Entered the Ecumenical Temple
  9607 | D:7      | Noticed Pikel
  9616 | D:7      | Killed Pikel
  9979 | D:7      | Reached skill level 1 in Shields
  9982 | D:7      | Reached **** piety under Cheibriados
 10329 | D:7      | Learned a level 6 spell: Conjure Ball Lightning
 10639 | D:8      | Found an ancient bone altar of Kikubaaqudgha.
 10722 | D:8      | Found a flagged portal.
 10731 | Bailey   | Entered a bailey
 11432 | Bailey   | Noticed a gargoyle
 11441 | Bailey   | Killed a gargoyle
 11442 | Bailey   | Gained mutation: Your touch may inflict minor irresistible
                  | damage on your foes. [demonic ancestry]
 11442 | Bailey   | Reached XP level 10. HP: 65/67 MP: 22/22
 11446 | Bailey   | Learned a level 3 spell: Ozocubu's Armour
 11614 | Bailey   | Reached ***** piety under Cheibriados
 12496 | D:8      | Found a shimmering altar of Xom.
 12620 | D:9      | Found a radiant altar of Vehumet.
 12775 | D:9      | Noticed a brown ugly thing
 12787 | D:9      | Killed a brown ugly thing
 12792 | D:9      | Identified the +3 leather armour of the Trilobite {Dex+5
                  | SInv}
 12818 | D:9      | You fall into a shaft and drop 2 floors!
 12823 | D:11     | Learned a level 3 spell: Confusing Touch
 12844 | D:11     | Reached XP level 11. HP: 58/72 MP: 17/24
 13073 | D:11     | Reached ****** piety under Cheibriados
 13074 | D:11     | Reached skill level 5 in Stealth
 13077 | D:11     | Reached skill level 1 in Hexes
 13277 | D:11     | Noticed a two-headed ogre
 13286 | D:11     | Killed a two-headed ogre
 13287 | D:11     | Reached skill level 10 in Spellcasting
 13473 | D:10     | Entered Level 10 of the Dungeon
 13479 | D:10     | Reached skill level 10 in Fire Magic
 13761 | D:10     | Reached skill level 5 in Polearms
 13984 | D:10     | Found a blossoming altar of Fedhas.
 14075 | D:10     | Found a stormy altar of Qazlal.
 14370 | D:9      | Found a staircase to the Lair.
 14370 | D:9      | Noticed a death yak
 14372 | D:9      | Noticed a death yak
 14372 | D:9      | Noticed a death yak
 14377 | D:9      | Slain by a death yak

Illustrated notes

Levels and vault maps discovered:
D:1:      dpeg_arrival_tiny_d, layout_basic
D:2:      layout_loops_cross, shapermc_ecumenical_altar_mp_urbaneastern,
          basic_altar, uniq_natasha, uniq_jessica, uniq_sigmund
D:3:      layout_rooms, kennysheep_slug_shrine, feat_on_display
D:4:      layout_basic, mainiacjoe_overflow_alcove_1,
          nicolae_gozag_zags_fifth_avenue, grunt_decor_arrowhead,
          kennysheep_generic_room_14
D:5:      layout_basic, nemelex_diamond_rough_becter, portal_sewer_entry_b
D:6:      layout_cave_pools, mainiacjoe_overflow_six_doors_small,
          temple_statues, uniq_duvessa
D:7:      layout_basic, chequers_serial_rivers_room_a,
          minmay_misc_feat_nine_boxes, uniq_pikel
D:8:      layout_cave_pools, tgw_xom, mainiacjoe_overflow_tiny_flanked,
          enter_bailey_1
D:9:      layout_roguey [special_room_kobold], fiery_altar_vehumet,
          chequers_temple_overflow_minitemple, dpeg_lair_monsters,
          minmay_hollow_rounded_squares
D:10:     layout_gridville, fedhas_altar_3, tso_oasis_becter,
          nicolae_qazlal_general_emergency
D:11:     layout_cave_pools, grunt_ministairs_7
Temple:   nicolae_temple_two_arcs

Skill      XL: |  1  2  3  4  5  6  7  8  9 10 11 |
---------------+----------------------------------+-----
Fire Magic     | 3 4 5 7 8 9 10 | 10.1
Dodging        | 2 3 4 |  4.0
Fighting       | 1 2 |  2.3
Polearms       | 1 2 3 5 |  5.3
Stealth        | 2 3 4 5 |  5.6
Spellcasting   | 3 4 5 6 8 9 10 | 10.2
Armour         | 1 2 3 |  3.8
Shields        | 1 2 3 |  3.0
Hexes          | 1 |  1.1
Conjurations   | |  1.8
Air Magic      | |  0.2
Poison Magic   | |  0.2
Evocations     | |  0.2

Action                   |  1- 3 |  4- 6 |  7- 9 | 10-12 || total
-------------------------+-------+-------+-------+-------++-------
Melee: Trident           |    50 |    13 |    56 |   117 ||   236
 Cast: Foxfire           |    17 |       |    23 |       ||    40
       Scorch            |    18 |    66 |   185 |    69 ||   338
       Tukima's Dance    |       |       |     1 |       ||     1
       Flame Wave        |       |       |       |    10 ||    10
       Mephitic Cloud    |       |       |       |     4 ||     4
       Ozocubu's Armour  |       |       |       |     1 ||     1
       Confusing Touch   |       |       |       |     1 ||     1
Evoke: Wand              |       |       |     2 |     6 ||     8
  Use: Potion            |     4 |       |     3 |       ||     7
       Scroll            |       |     6 |    17 |     2 ||    25
 Stab: Sleeping          |     2 |       |     2 |     9 ||    13
       Distracted        |       |     1 |     1 |     5 ||     7
       Invisible         |       |       |     1 |       ||     1
       Confused          |       |       |       |     4 ||     4
Armor: Robe              |    12 |       |       |       ||    12
       Leather armour    |     1 |    10 |    35 |    36 ||    82
Dodge: Dodged            |    41 |    18 |    83 |    90 ||   232
Block: Buckler           |       |       |    43 |    88 ||   131
       Reflection        |       |       |       |     5 ||     5
